 Dungeon Sprint DCSS version 0.26-a0-1107-g6118521029 (webtiles) character file.

Game seed: 9229168281963708458

6735 mhtbhm the Imperceptible (level 10, -1/79 HPs)
             Began as a Spriggan Brigand on Dec 16, 2020.
             Was a High Priest of Dithmenos.
             Slain by a spriggan defender
             ... wielding a +0 demon whip of venom
              (6 damage)
             ... in the Dungeon (Sprint IV: "Fedhas' Mad Dash").
             The game lasted 00:04:19 (980 turns).

mhtbhm the Imperceptible (Spriggan Brigand)          Turns: 980, Time: 00:04:19

Health: -1/79      AC:  3    Str:  7    XL:     10   Next: 75%
Magic:  10/12      EV: 18    Int: 14    God:    Dithmenos [*****.]
Gold:   158        SH:  0    Dex: 20    Spells: 9/9 levels left

rFire    . . .     SeeInvis +   a - +2 dagger
rCold    . . .     Faith    .   (shield restricted)
rNeg     . . .     Spirit   .   b - +0 robe
rPois    .         Reflect  .   (helmet restricted)
rElec    .         Harm     .   c - +0 cloak
rCorr    .         Rampage  .   (gloves unavailable)
Will     +....     NoTele   +   (boots unavailable)
Stlth    ..........             l - amulet of invisibility {+Inv}
HPRegen  0.23/turn              (no ring)
MPRegen  0.13/turn              (no ring)

@: berserking, lethally poisoned (-1 -> -47), attractive, hasted, wreathed by
umbra, very quick
A: very small, unfitting armour, see invisible, speed 3
a: Shadow Step, Shadow Form, Renounce Religion, Evoke Invisibility


You were in the Dungeon.
You worshipped Dithmenos.
Dithmenos was extremely pleased with you.
You visited 1 branch You collected 233 gold pieces.
You spent 75 gold pieces at shops.

Inventory:

Hand Weapons
 a - a +2 dagger (weapon)
Missiles
 d - 8 poisoned darts (quivered)
Armour
 b - a +0 robe (worn)
 c - a +0 cloak (worn)
Jewellery
 l - the amulet of invisibility (around neck) {+Inv}
   (You found it in the Dungeon)

   [amulet of nothing]

   It lets you turn invisible.
Scrolls
 k - 2 scrolls of blinking
 m - 2 scrolls of remove curse {unknown}
 n - a scroll of enchant weapon {unknown}
 o - a scroll of identify {unknown}
Potions
 f - a potion of curing
 g - a potion of heal wounds
 i - 2 potions of magic


   Skills:
 + Level 6.2 Fighting
 + Level 9.2 Short Blades
 + Level 6.7 Throwing
 + Level 2.6 Dodging
 + Level 26.9 Stealth
 + Level 2.1 Invocations
 + Level 13.0 Evocations


You had 9 spell levels left.
You didn't know any spells.
Your spell library contained the following spells:

 Spells                   Type           Power        Failure   Level
 Animate Skeleton         Necr           #.....       28%         1
 Apportation              Tloc           #.....       28%         1
 Corona                   Hex            #......      28%         1
 Summon Small Mammal      Summ           #...         28%         1
 Cause Fear               Hex            #.........   96%         4
 Silence                  Hex/Air        #.........   100%        5
 Yara's Violent Unravell  Hex/Tmut       #.........   100%        5
 Discord                  Hex            #.........   100%        8


Dungeon Overview and Level Annotations

Branches:
Dungeon (1/1)

Altars:
Cheibriados
Dithmenos
Elyvilon
Gozag
Hepliaklqana
Kikubaaqudgha
Makhleb
Nemelex Xobeh
Okawaru
Qazlal
Ru
Sif Muna
Trog
Uskayaw
Vehumet
Wu Jian
Xom
Yredelemnul
Zin
The Shining One
Beogh
Jiyva
Lugonu

Shops:
D }[=!??


Innate Abilities, Weirdness & Mutations

You are very small and have problems with some larger weapons.
You are too small for most types of armour.
You have supernaturally acute eyesight. (SInv)
You cover ground extremely quickly.


Message History

You emit a cloud of dark smoke.
You are lethally poisoned!
The spriggan defender blocks your attack.
The spriggan defender is lightly wounded.
You feel sick.
You puncture the spriggan defender!
The spriggan defender is moderately wounded.
The spriggan defender hits you with a +0 demon whip of venom!!
* * * LOW HITPOINT WARNING * * *
You are more poisoned.
You miss the spriggan defender.
The spriggan defender is moderately wounded.
* * * LOW HITPOINT WARNING * * *
You feel sick.
The spriggan defender blocks your attack.
The spriggan defender is moderately wounded.
* * * LOW HITPOINT WARNING * * *
You feel sick.
The spriggan defender hits you with a +0 demon whip of venom.
You die...

...#.⌠._._._._.⌠.#.('.))#
[..'.._._._._._..'..#.†.# #
†..#..._._._._...#..###'## #
#'##.._._._._._..#..##∩∩.+ #
...#._._._._._.⌠.############ ###
...###################......###..
####♣♣♣♣♣..♣(###§§.)'.....[.'.'..
..'......♣..♣##§i#..#.P.....#####
..#♣..♣♣♣.♣).###@##'##.P....#
..#.♣♣..♣...♣'§§§#♣.♣########
#### #############..(..####
#..♣..♣.i..###
#.i.♣......♣...♣###
......♣.)(..∩.∩...}#
####################


You could see a spriggan defender.

Vanquished Creatures
  Agnes (D)
  A spriggan druid (D)
  6 oklob plants (D)
  A demonic crawler (D)
  2 burning bushes (D)
  A wandering mushroom (D)
  A queen bee (D)
  A hornet (D)
  A scorpion (D)
  4 killer bees (D)
  5 oklob saplings (D)
  A worker ant (D)
  5 spriggans (D)
  A river rat (D)
  A rat (D)
  A ballistomycete spore (D)
33 creatures vanquished.

Notes
Turn   | Place    | Note
-------+----------+-------------------------------------------
     0 | D        | mhtbhm the Spriggan Brigand began the quest for the Orb.
     0 | D        | Reached XP level 1. HP: 10/10 MP: 2/2
    19 | D        | Reached skill level 7 in Stealth
    19 | D        | Reached XP level 2. HP: 2/15 MP: 3/3
   386 | D        | Reached skill level 8 in Stealth
   401 | D        | Noticed an oklob sapling
   403 | D        | Killed an oklob sapling
   404 | D        | Reached skill level 9 in Stealth
   404 | D        | Reached XP level 3. HP: 18/18 MP: 4/4
   407 | D        | Found the amulet of invisibility {+Inv}
   409 | D        | Reached skill level 11 in Stealth
   431 | D        | Found an opulent altar of Gozag.
   431 | D        | Found a hazy altar of Hepliaklqana.
   431 | D        | Found a burning altar of Makhleb.
   431 | D        | Found a roughly hewn altar of Beogh.
   431 | D        | Found a sparkling altar of Nemelex Xobeh.
   431 | D        | Found a snail-covered altar of Cheibriados.
   431 | D        | Found a sacrificial altar of Ru.
   431 | D        | Found a shimmering blue altar of Sif Muna.
   431 | D        | Found a shimmering altar of Xom.
   431 | D        | Found a basalt altar of Yredelemnul.
   432 | D        | Found a viscous altar of Jiyva.
   432 | D        | Found a bloodstained altar of Trog.
   432 | D        | Found an ornate altar of the Wu Jian Council.
   432 | D        | Noticed an oklob sapling priest
   433 | D        | Found an iron altar of Okawaru.
   433 | D        | Found a shadowy altar of Dithmenos.
   433 | D        | Found a glowing silver altar of Zin.
   434 | D        | Found an ancient bone altar of Kikubaaqudgha.
   434 | D        | Found a hide-covered altar of Uskayaw.
   435 | D        | Found a stormy altar of Qazlal.
   435 | D        | Found a white marble altar of Elyvilon.
   435 | D        | Found a glowing golden altar of the Shining One.
   436 | D        | Found a corrupted altar of Lugonu.
   436 | D        | Found a radiant altar of Vehumet.
   445 | D        | Killed an oklob sapling priest
   446 | D        | Reached skill level 12 in Stealth
   446 | D        | Reached skill level 1 in Evocations
   446 | D        | Reached XP level 4. HP: 23/23 MP: 3/5
   448 | D        | Became a worshipper of Dithmenos the Shadowed
   496 | D        | Reached skill level 13 in Stealth
   496 | D        | Reached XP level 5. HP: 28/28 MP: 3/6
   506 | D        | Reached * piety under Dithmenos
   507 | D        | Reached skill level 14 in Stealth
   509 | D        | Reached skill level 15 in Stealth
   520 | D        | Found Duni's Armour Shop.
   520 | D        | Found Ifuughay's Gadget Emporium.
   598 | D        | Noticed a queen bee
   605 | D        | Killed a queen bee
   605 | D        | Reached ** piety under Dithmenos
   606 | D        | Reached skill level 5 in Short Blades
   606 | D        | Reached skill level 5 in Throwing
   606 | D        | Reached skill level 17 in Stealth
   606 | D        | Reached skill level 5 in Evocations
   606 | D        | Reached XP level 6. HP: 33/33 MP: 4/7
   607 | D        | Reached XP level 7. HP: 37/37 MP: 4/8
   610 | D        | Reached skill level 18 in Stealth
   610 | D        | Reached *** piety under Dithmenos
   612 | D        | Noticed an oklob plant
   615 | D        | Killed an oklob plant
   616 | D        | Reached skill level 20 in Stealth
   616 | D        | Reached XP level 8. HP: 42/42 MP: 5/9
   630 | D        | Noticed a burning bush
   633 | D        | Killed a burning bush
   657 | D        | Noticed a burning bush
   657 | D        | Noticed an oklob plant
   658 | D        | Noticed a wandering mushroom
   659 | D        | Killed a burning bush
   660 | D        | Reached skill level 5 in Fighting
   660 | D        | Reached skill level 21 in Stealth
   662 | D        | Killed an oklob plant
   663 | D        | Reached skill level 22 in Stealth
   664 | D        | Reached **** piety under Dithmenos
   665 | D        | Reached XP level 9. HP: 44/47 MP: 3/10
   666 | D        | Killed a wandering mushroom
   734 | D        | Noticed a spriggan druid
   735 | D        | Killed a spriggan druid
   736 | D        | Reached skill level 23 in Stealth
   736 | D        | Reached skill level 10 in Evocations
   749 | D        | Noticed an oklob plant conjurer
   750 | D        | Killed an oklob plant conjurer
   789 | D        | Noticed an oklob plant
   789 | D        | Noticed an oklob plant summoner
   790 | D        | Noticed an oklob plant shifter
   792 | D        | Killed an oklob plant
   794 | D        | Killed an oklob plant shifter
   795 | D        | Reached skill level 24 in Stealth
   795 | D        | Killed an oklob plant summoner
   803 | D        | Noticed a demonic crawler
   805 | D        | Killed a demonic crawler
   805 | D        | Reached ***** piety under Dithmenos
   806 | D        | Reached XP level 10. HP: 51/53 MP: 5/11
   852 | D        | Noticed a spriggan rider
   853 | D        | Found Uraeti's Magic Scroll Emporium.
   854 | D        | Found Gamm's Magic Scroll Shoppe.
   857 | D        | Reached skill level 25 in Stealth
   857 | D        | Reached skill level 1 in Invocations
   858 | D        | Killed a spriggan rider
   883 | D        | Bought a scroll of blinking for 75 gold pieces
   946 | D        | Noticed Agnes
   948 | D        | Found Nimamaq's Jewellery Emporium.
   948 | D        | Found Yllics's Distillery.
   949 | D        | Killed Agnes
   950 | D        | Reached skill level 26 in Stealth
   952 | D        | Noticed a spriggan defender
   959 | D        | Noticed a spriggan berserker
   980 | D        | Slain by a spriggan defender

Illustrated notes

Levels and vault maps discovered:
D:        dungeon_sprint_fedhas [sprint_temple]

Skill      XL: |  1  2  3  4  5  6  7  8  9 10 |
---------------+-------------------------------+-----
Stealth        | 7 9 12 13 17 20 22 24 26 | 26.9
Fighting       | 2 3 4 5 6 |  6.2
Throwing       | 3 4 5 6 |  6.7
Short Blades   | 3 5 6 7 8 9 |  9.2
Dodging        | 2 |  2.6
Evocations     | 1 5 7 8 11 13 | 13.0
Invocations    | 2 |  2.1

Action                   |  1- 3 |  4- 6 |  7- 9 | 10-12 || total
-------------------------+-------+-------+-------+-------++-------
Melee: Dagger            |    15 |     7 |    16 |    13 ||    51
Throw: Dart              |     5 |       |       |     2 ||     7
Invok: Shadow Step       |       |       |     2 |     2 ||     4
 Abil: Evoke Invisibilit |     1 |     2 |     2 |     1 ||     6
  Use: Potion            |       |       |       |     3 ||     3
 Stab: Sleeping          |     2 |     7 |    16 |     4 ||    29
       Invisible         |     1 |       |       |       ||     1
Dodge: Dodged            |     4 |       |       |     2 ||     6

Table legend: (Time is in decaauts)
 A = Elapsed time spent in this place.
 B = Non-inter-level travel time spent in this place.
 C = Inter-level travel time spent in this place.
 D = Time resting spent in this place.
 E = Time spent auto-exploring this place.
 F = Levels seen in this place.
 G = Mean time per level.
                   A        B        C        D        E       F      G
               +--------+--------+--------+--------+--------+-----+--------+
         Total |    853 |    853 |      0 |    579 |      0 |   1 |  853.0 |
       Dungeon |    853 |    853 |      0 |    579 |      0 |   1 |  853.0 |
               +--------+--------+--------+--------+--------+-----+--------+

Top non-repeatable levels by time:
       D: 853 daAuts
